Map: Prion Terraces

Players

Stutterbox

  • Race: Terran Terran

GammaGhost - Winner!

  • Race: Protoss Protoss
  • League: Platinum

VOD

Have the link to the VOD?

Description

Gamma Robo Build

Time

  • Played on: Jan. 9, 2016, 12:48 a.m.
  • Length: 9:58
Show
View Real Time Build Order
Export as new Build Order

Stutterbox Terran 

Build Orders:  

Get SALT Encoding   

  12  0:01  SCV  
  13  0:13  SCV  
  14  0:17  Supply Depot  
  14  0:25  SCV  
  15  0:39  SCV  
  15  0:41  Barracks  
  16  0:45  Refinery  
  16  0:51  SCV  
  17  1:03  SCV  
  18  1:14  Barracks  
  18  1:17  Refinery  
  18  1:22  SCV  
  19  1:28  Marine  
  20  1:34  Orbital Command  
  20  1:43  Supply Depot  
  20  1:47  Barracks Tech Lab  
  20  2:00  SCV  
  21  2:03  Barracks Reactor  
  21  2:05  Marauder  
  23  2:12  SCV  
  24  2:25  SCV  
  24  2:26  Supply Depot  
  24  2:28  Marauder  
  27  2:30  Stimpack  
  27  2:39  Marine x2  
  29  2:50  SCV  
  30  2:52  Marauder  
  30  2:57  Supply Depot  
  32  3:03  Marine  
  32  3:04  Marine  
  34  3:06  SCV  
  35  3:15  Marauder  
  35  3:16  Factory  
  35  3:19  SCV  
  38  3:21  Marine x2  
  40  3:39  SCV  
  40  3:40  Marauder  
  40  3:41  Marine x2  
  45  3:44  Supply Depot  
  45  3:53  SCV  
  46  3:56  Engineering Bay  
  46  3:59  Engineering Bay  
  46  4:01  Factory Tech Lab, Marine  
  47  4:05  SCV, Marine  
  49  4:16  Marauder  
  51  4:19  SCV, Marine  
  51  4:23  Marine  
  54  4:29  Siege Tank  
  54  4:30  Terran Infantry Weapons Level 1  
  57  4:32  Concussive Shells  
  47  5:01  Marine  
  47  5:02  Marine  
  47  5:03  Siege Tank, Marauder  
  51  5:12  SCV  
  50  5:17  Terran Infantry Armor Level 1  
  50  5:26  SCV  
  51  5:30  Marine x2  
  51  5:31  Command Center  
  51  5:34  Marauder  
  55  5:48  Marine x2  
  57  5:51  Siege Tank  
  57  5:55  Marauder  
  62  6:01  Supply Depot  
  62  6:02  SCV  
  63  6:14  Supply Depot  
  63  6:17  Marine x2  
  63  6:18  SCV  
  66  6:19  Marauder  
  68  6:37  SCV  
  68  6:38  Marine x2  
  69  6:40  Marauder  
  64  6:49  SCV  
  44  7:23  Command Center  
  44  8:24  Orbital Command  
  43  8:43  Barracks Reactor, Barracks Tech Lab  
  43  8:51  Orbital Command  
  41  8:56  Factory Tech Lab  
Show
View Real Time Build Order
Export as new Build Order

GammaGhost Protoss - Winner!

Build Orders: 1 Gate Expand 

Get SALT Encoding   

  12  0:01  Probe (Chrono Boost)  
  13  0:11  Probe (Chrono Boost)  
  14  0:19  Pylon  
  14  0:22  Probe (Chrono Boost)  
  15  0:38  Probe (Chrono Boost)  
  15  0:41  Gateway  
  16  0:49  Probe (Chrono Boost), Assimilator  
  17  1:00  Probe (Chrono Boost)  
  18  1:21  Nexus  
  18  1:34  Cybernetics Core  
  18  1:45  Assimilator  
  18  1:50  Pylon  
  18  1:53  Probe (Chrono Boost)  
  19  2:08  Probe (Chrono Boost)  
  20  2:11  Warp Gate  
  20  2:16  Robotics Facility  
  20  2:21  Stalker (Chrono Boost)  
  22  2:26  Probe  
  23  2:31  Probe  
  24  2:44  Pylon  
  24  2:45  Probe  
  24  2:51  Stalker (Chrono Boost)  
  27  2:52  Probe  
  27  2:58  Probe  
  29  3:03  Probe  
  30  3:15  Immortal (Chrono Boost)  
  34  3:31  Probe  
  35  3:43  Gateway  
  35  3:46  Gateway  
  35  3:49  Probe  
  36  3:56  Gateway  
  36  3:58  Immortal (Chrono Boost)  
  38  4:23  Mothership Core, Probe  
  41  4:31  Warp Prism (Chrono Boost)  
  41  4:32  Pylon  
  41  4:34  Pylon  
  41  4:37  Adept  
  45  4:46  Probe  
  45  4:50  Gateway  
  38  5:03  Pylon  
  38  5:05  Stalker x2  
  38  5:16  Pylon  
  38  5:20  Zealot x2  
  42  5:32  Gateway, Immortal (Chrono Boost)  
  42  5:35  Zealot  
  48  6:07  Immortal (Chrono Boost)  
  52  6:29  Zealot x3  
  52  6:30  Zealot x2  
  60  7:03  Stalker x5  
  68  7:26  Stalker  
  70  7:33  Pylon  
  70  7:38  Pylon  
  70  7:40  Pylon  
  70  7:49  Probe  
  71  8:00  Probe  
  72  8:10  Probe  
  73  8:16  Stalker  
  73  8:17  Stalker x4  
  83  8:24  Observer (Chrono Boost)  
  84  8:41  Stalker  
  84  8:42  Stalker x4  
  90  9:27  Zealot  
  90  9:28  Zealot x4  
Tags
 
Add a new tag
Caveats
  • Supply blocks, unpowered buildings, or Contaminate may cause inaccurate times.
  • Supply counts are checked every 10 seconds.